 Dungeon Crawl Stone Soup version 0.27-a0-1065-ge809cff456 (webtiles) character file.

Game seed: 13045785993332902089

95 tardwrangler69 the Shield-Bearer (level 4, -1/37 HPs)
             Began as a Formicid Fighter on Apr 23, 2021.
             Killed from afar by an orc wizard (4 damage)
             ... with a magic dart
             ... on level 4 of the Dungeon.
             The game lasted 00:01:20 (1367 turns).

tardwrangler69 the Shield-Bearer (Formicid Fighter) Turns: 1367, Time: 00:01:21

Health: -1/37      AC:  8    Str: 21    XL:     4   Next: 95%
Magic:  4/4        EV:  8    Int:  8    God:
Gold:   107        SH:  0    Dex: 12    Spells: 3/3 levels left

rFire    . . .     SeeInvis +   a - +0 war axe
rCold    . . .     Faith    .   c - +0 kite shield
rNeg     . . .     Spirit   .   b - +0 scale mail
rPois    +         Reflect  .   (helmet unavailable)
rElec    .         Harm     .   j - +0 cloak
rCorr    .         Rampage  .   (no gloves)
Will     .....     Clarity  +   (no boots)
Stlth    ..........             (no amulet)
HPRegen  0.12/turn              e - ring of poison resistance
MPRegen  0.09/turn              (no ring)

@: confused, mighty
A: permanent stasis, dig shafts and tunnels, antennae 3, four strong arms, agile
1, clarity
a: Dig, Shaft Self


You were on level 4 of the Dungeon.
You visited 1 branch of the dungeon, and saw 3 of its levels.

You collected 107 gold pieces.

Inventory:

Hand Weapons
 a - a +0 war axe (weapon)
Armour
 b - a +0 scale mail (worn)
 c - a +0 kite shield (worn)
 j - a +0 cloak (worn)
Jewellery
 e - a ring of poison resistance (left hand)
Scrolls
 g - 3 scrolls of identify {unknown}
 h - a scroll of enchant armour {unknown}
 i - a scroll of amnesia {unknown}
 k - a scroll of holy word {unknown}
Potions
 d - a potion of might


   Skills:
 + Level 3.9 Fighting
 * Level 3.2 Axes
 + Level 3.9 Armour
 + Level 4.3 Shields


You had 3 spell levels left.
You didn't know any spells.
Your spell library was empty.

Dungeon Overview and Level Annotations

Branches:
Dungeon (2/15)

Altars:
Cheibriados

Shops:
D:2 (


Innate Abilities, Weirdness & Mutations

You cannot be hasted, slowed, berserked, paralysed or teleported.
You can dig through walls and to a lower floor.
You have a pair of large antennae on your head. (SInv)
Your four strong arms can wield two-handed weapons with a shield.
You are agile. (Dex +2)
You possess an exceptional clarity of mind.


Message History

You hit the orc wizard but do no damage.
The orc priest miscasts a cantrip.
The orc wizard barely misses you.
The orc priest calls down the wrath of Beogh upon you.
Beogh smites you! The orc wizard barely misses you.
You slash the orc priest!
You kill the orc priest!
You barely miss the orc wizard.
The orc wizard hits you with a +0 dagger.
* * * LOW HITPOINT WARNING * * *
You are too injured to fight recklessly!
You barely miss the orc.
The orc is heavily wounded.
You miss the orc wizard.
The orc wizard gestures at you while chanting.
You block the puff of flame. The orc hits you but does no damage.
The orc wizard points at you and mumbles some strange words.
You are confused.
The orc hits you with a +0 hand axe.
* * * LOW HITPOINT WARNING * * *
You closely miss the orc wizard. You hit the orc but do no damage.
The orc wizard hits you with a +0 dagger.
* * * LOW HITPOINT WARNING * * *
The orc hits you but does no damage.
It was a potion of mutation.
You feel extremely strange.
Your thoughts seem clearer.
You feel agile.
The orc wizard hits you but does no damage.
The orc closely misses you.
You feel very mighty all of a sudden.
The orc wizard gestures at you while chanting.
The puff of flame hits you.
* * * LOW HITPOINT WARNING * * *
The orc barely misses you.
You slash the orc!
You kill the orc!
You closely miss the orc wizard.
The orc wizard hits you but does no damage.
The orc wizard casts a spell at you. The magic dart hits you.
You die...

#........
#........
.........
#........
#........
#........
#######o.......
#.....@).......
#.###+###......
#.#.....#..####
#.#.$...#..#
#.#.._.$#..#
#.#...$.#..#
#.#...$.#..#
#.#######..#


You could see an orc wizard (invisible).

Vanquished Creatures
  An orc priest (D:4)
  An adder (D:2)
  2 worms (D:2)
  3 dart slugs
  2 orcs (D:4)
  8 endoplasms
  A giant cockroach (D:1)
  2 goblins (D:2)
  5 hobgoblins
  7 jackals (D:2)
  A ball python (D:2)
  2 bats
  2 frilled lizards (D:2)
  A kobold (D:1)
  4 rats
42 creatures vanquished.

Notes
Turn   | Place    | Note
-------+----------+-------------------------------------------
     0 | D:1      | tardwrangler69 the Formicid Fighter began the quest for the
                  | Orb.
     0 | D:1      | Reached XP level 1. HP: 18/18 MP: 1/1
   173 | D:1      | Reached XP level 2. HP: 23/24 MP: 2/2
   655 | D:2      | Reached XP level 3. HP: 26/29 MP: 3/3
   687 | D:2      | Found Sixee's Weapon Shop.
   804 | D:2      | Reached skill level 4 in Shields
  1179 | D:2      | Reached XP level 4. HP: 37/37 MP: 4/4
  1347 | D:2      | You fall into a shaft and drop 2 floors!
  1347 | D:4      | Found a snail-covered altar of Cheibriados.
  1365 | D:4      | Gained mutation: You possess an exceptional clarity of
                  | mind. [potion of mutation]
  1365 | D:4      | Gained mutation: You are agile. (Dex +2) [potion of
                  | mutation]
  1367 | D:4      | Killed from afar by an orc wizard

Illustrated notes

Levels and vault maps discovered:
D:1:      giann_bridges, layout_basic
D:2:      layout_basic, serial_shops, shop
D:4:      layout_rooms, amcnicky_altar_gilded, amcnicky_mini_corridor_feature

Skill      XL: |  1  2  3  4 |
---------------+-------------+-----
Shields        | 4 |  4.3
Axes           | 3 |  3.2
Fighting       | |  3.9
Armour         | |  3.9

Action                   |  1- 3 |  4- 6 || total
-------------------------+-------+-------++-------
Melee: War axe           |    72 |    34 ||   106
  Use: Potion            |       |     2 ||     2
Armor: Scale mail        |    33 |    24 ||    57
Dodge: Dodged            |    27 |    16 ||    43
Block: Kite shield       |    40 |    14 ||    54

Table legend: (Time is in decaauts)
 A = Elapsed time spent in this place.
 B = Non-inter-level travel time spent in this place.
 C = Inter-level travel time spent in this place.
 D = Time resting spent in this place.
 E = Time spent auto-exploring this place.
 F = Levels seen in this place.
 G = Mean time per level.
                   A        B        C        D        E       F      G
               +--------+--------+--------+--------+--------+-----+--------+
         Total |   1422 |   1392 |     30 |      0 |   1123 |   3 |  474.0 |
       Dungeon |   1422 |   1392 |     30 |      0 |   1123 |   3 |  474.0 |
               +--------+--------+--------+--------+--------+-----+--------+

Top non-repeatable levels by time:
     D:2: 735 daAuts
     D:1: 660 daAuts
     D:4: 26 daAuts
